 Dungeon Crawl Stone Soup version 0.22-a0-422-g9628fc87f1 (webtiles) character file.

162 Denreik the Skirmisher (level 5, -13/47 HPs)
             Began as a Formicid Fighter on May 16, 2018.
             Mangled by a mummy (17 damage)
             ... in an ossuary.
             The game lasted 00:03:04 (486 turns).

Denreik the Skirmisher (Formicid Fighter)            Turns: 486, Time: 00:03:04

Health: -13/47     AC:  6    Str: 27    XL:     5   Next: 71%
Magic:  5/5        EV: 13    Int:  7    God:
Gold:   4          SH: 10    Dex: 15    Spells: 4/4 levels left

rFire    . . .     SeeInvis +   a - +0 quarterstaff
rCold    . . .     Gourm    .   c - +0 shield
rNeg     . . .     Faith    .   b - +0 scale mail
rPois    .         Spirit   .   (helmet unavailable)
rElec    .         Reflect  .   (no cloak)
rCorr    .         Harm     .   (no gloves)
MR       .....                  (no boots)
Stlth    +.........             (no amulet)
HPRegen  0.15/turn              (no ring)
MPRegen  0.09/turn              (no ring)

@: mighty, agile
A: permanent stasis, dig shafts and tunnels, four strong arms, antennae 3
a: Dig, Shaft Self


You were in an ossuary.
You were not hungry.

You visited 2 branches of the dungeon, and saw 4 of its levels.
You also visited: Ossuary.

You collected 4 gold pieces.

Inventory:

Hand Weapons
 a - a +0 quarterstaff (weapon)
Missiles
 i - 21 sling bullets
Armour
 b - a +0 scale mail (worn)
 c - a +0 shield (worn)
Wands
 h - a wand of scattershot (6)
Scrolls
 e - a scroll of remove curse {unknown}
 j - a scroll of teleportation {unknown}
Comestibles
 f - a ration


   Skills:
 * Level 6.5 Fighting
 - Level 2.0 Staves
 - Level 3.2 Armour
 - Level 3.6 Shields


You had 4 spell levels left.
You didn't know any spells.
Your spell library was empty.

Dungeon Overview and Level Annotations

Branches:
Dungeon (4/15)             Temple (1/1) D:4

Altars:
Ashenzari
Cheibriados
Dithmenos
Elyvilon
Gozag
Hepliaklqana
Makhleb
Nemelex Xobeh
Okawaru
Qazlal
Ru
Sif Muna
Trog
Vehumet
Yredelemnul
Zin
The Shining One


Innate Abilities, Weirdness & Mutations

You cannot be hasted, slowed, berserked, paralysed or teleported.
You can dig through walls and to a lower floor.
Your four strong arms can wield two-handed weapons with a shield.
You have a pair of large antennae on your head. (SInv)


Message History

You sock the mummy!
The mummy is heavily damaged.
The mummy hits you.
* * * LOW HITPOINT WARNING * * *
You block the orc zombie's attack.
Okay, then.
It was a potion of curing.
You feel better.
It was a potion of agility.
You feel agile all of a sudden. The orc zombie barely misses you.
The mummy closely misses you. The mummy hits you!
* * * LOW HITPOINT WARNING * * *
You block the mummy's attack.
Okay, then.
You feel very mighty all of a sudden. The orc zombie barely misses you.
The mummy barely misses you.
You barely miss the mummy.
The mummy is heavily damaged.
You block the gnoll zombie's attack. The mummy hits you!
You die...

..............
.............
...........
#........
#...... #....#
#.MZ.# #ZZM.#
#M@MZ# #..Z.#
#....# #....#
#....# #.∩∩.#
######


You could see 4 mummies, a hobgoblin zombie, a gnoll zombie, 2 kobold zombies
and an orc zombie.

Vanquished Creatures
  A phantom (D:4)
  A howler monkey (D:4)
  Ijyb (D:4)
  A gnoll zombie (Ossuary)
  A kobold (D:1)
  2 bats (D:1)
  A goblin (D:1)
  A hobgoblin zombie (Ossuary)
  A kobold zombie (Ossuary)
  A rat (D:2)
11 creatures vanquished.

Notes
Turn   | Place    | Note
-------+----------+-------------------------------------------
     0 | D:1      | Denreik the Formicid Fighter began the quest for the Orb.
     0 | D:1      | Reached XP level 1. HP: 18/18 MP: 1/1
    57 | D:1      | You fall through a shaft!
    67 | D:2      | You fall through a shaft for 2 floors!
    78 | D:4      | Found a staircase to the Ecumenical Temple.
   102 | Temple   | Entered the Ecumenical Temple
   324 | D:4      | Found a burning altar of Makhleb.
   328 | D:4      | Noticed Ijyb
   333 | D:4      | Noticed a howler monkey
   336 | D:4      | Noticed a phantom
   353 | D:4      | Killed Ijyb
   353 | D:4      | Reached skill level 4 in Fighting
   353 | D:4      | Reached XP level 2. HP: 19/26 MP: 2/2
   353 | D:4      | Reached XP level 3. HP: 23/31 MP: 3/3
   359 | D:4      | Reached skill level 5 in Fighting
   359 | D:4      | Reached XP level 4. HP: 27/39 MP: 4/4
   406 | D:4      | Killed a phantom
   406 | D:4      | Reached skill level 6 in Fighting
   406 | D:4      | Reached XP level 5. HP: 12/47 MP: 5/5
   435 | D:4      | Found a sand-covered staircase.
   444 | Ossuary  | Entered an ossuary
   486 | Ossuary  | Mangled by a mummy

Vault maps used:
D:1:      evilmike_arrival_plus, hangedman_decor_clover_reticule,
          kennysheep_crisscross
D:2:      grunt_ministairs_13, uniq_natasha
D:4:      overflow_temple_1_default, minmay_temple_entry_junction,
          nicolae_ossuary_entry_ruins, minmay_misc_feat_ornament, uniq_ijyb
Temple:   eino_temple_scatter_basement
Ossuary:  ossuary_tomb_3

Skill      XL: |  1  2  3  4 |
---------------+-------------+-----
Fighting       | 4 5 6 |  6.5
Staves         | |  2.0
Armour         | |  3.2
Shields        | |  3.6

Action                   |  1- 3 |  4- 6 || total
-------------------------+-------+-------++-------
Melee: Quarterstaff      |    45 |    45 ||    90
 Abil: Shaft Self        |     2 |       ||     2
       Dig               |     1 |       ||     1
  Use: Potion            |       |     3 ||     3
Armor: Scale mail        |    23 |     9 ||    32
Dodge: Dodged            |    17 |    12 ||    29
Block: Shield            |    31 |    23 ||    54

Table legend:
 A = Spawn XP
 B = Non-spawn XP
 C = Spawn XP percentage of total XP
 D = Spawn monster count
 E = Non-spawn monster count
 F = Spawn count percentage of total count
 G = Total turns spent on level
                    A         B        C        D         E        F      G
               +---------+---------+-------+---------+---------+-------+---------
         Total |       0 |     232 |   0.0 |       0 |      11 |   0.0 |   486
               +---------+---------+-------+---------+---------+-------+---------
           D:1 |       0 |       5 |   0.0 |       0 |       4 |   0.0 |    57
           D:2 |       0 |       1 |   0.0 |       0 |       1 |   0.0 |    10
           D:4 |       0 |     222 |   0.0 |       0 |       3 |   0.0 |   208
       Ossuary |       0 |       4 |   0.0 |       0 |       3 |   0.0 |    42
               +---------+---------+-------+---------+---------+-------+---------
